 Dungeon Crawl Stone Soup version 0.24-a0-479-g9a978d2 (webtiles) character file.

Game seed: 11028961226416526708

10310 Espgualade the Thaumaturge (level 11, -2/54 HPs)
             Began as a Tengu Ice Elementalist on July 6, 2019.
             Was a High Priest of Vehumet.
             Slain by a red ugly thing (17 damage)
             ... on level 12 of the Dungeon.
             The game lasted 00:41:16 (15159 turns).

Espgualade the Thaumaturge (TeIE)                  Turns: 15159, Time: 00:41:17

Health: -2/54      AC:  9    Str:  8    XL:     11   Next: 60%
Magic:  25/25      EV: 20    Int: 18    God:    Vehumet [*****.]
Gold:   845        SH:  0    Dex: 16    Spells: 9/29 levels left

rFire    . . .     SeeInvis .   s - +8 demon blade "Bloodbane" {slice, *Rage +Rage Stlth-}
rCold    . . .     Gourm    .   (no shield)
rNeg     . . .     Faith    .   a - +1 robe
rPois    +         Spirit   .   (helmet restricted)
rElec    .         Reflect  .   j - +0 cloak
rCorr    .         Harm     .   g - +2 pair of gloves
MR       .....     Rnd*Rage +   (boots unavailable)
Stlth    +++.......             h - amulet of the acrobat
HPRegen  0.18/turn              n - +2 ring of protection
MPRegen  0.19/turn              q - ring of poison resistance

@: flying quickly and evasively, invisible, quick
A: beak, talons 3, able to fly
a: Stop Flying, Renounce Religion, Evoke Berserk Rage


You were on level 12 of the Dungeon.
You worshipped Vehumet.
Vehumet was extremely pleased with you.
You were not hungry.

You visited 2 branches of the dungeon, and saw 15 of its levels.
You also visited: Bailey.

You collected 845 gold pieces.

Inventory:

Hand Weapons
 o - a +1 falchion of venom
 s - the +8 demon blade "Bloodbane" (weapon) {slice, *Rage +Rage Stlth-}
   (You took it off a centaur on level 6 of the Dungeon)

   It inflicts extra damage upon your enemies.
   It lets you go berserk.
   It may make you go berserk in combat.
   It makes you less stealthy.
 v - the +1 trident "Pubrox" {freeze, +Blink Int+4 Stlth+}
   (You found it on level 7 of the Dungeon)

   It has been specially enchanted to freeze those struck by it, causing extra
   injury to most foes and up to half again as much damage against particularly
   susceptible opponents.
   It can also slow down cold-blooded creatures.
   It affects your intelligence (+4).
   It lets you blink.
   It makes you more stealthy.
 z - a +2 dagger of electrocution
Armour
 a - a +1 robe (worn)
 g - a +2 pair of gloves (worn)
 j - a +0 cloak (worn)
Jewellery
 h - an amulet of the acrobat (around neck)
 n - a +2 ring of protection (left hand)
 q - a ring of poison resistance (right hand)
 u - an uncursed ring of fire {unknown}
Wands
 y - a wand of polymorph (10)
 A - a wand of flame (14)
 D - a wand of disintegration (21)
Scrolls
 e - 3 scrolls of enchant weapon
 r - a scroll of identify
 w - a scroll of immolation
 B - a scroll of magic mapping
 C - 2 scrolls of remove curse
Potions
 b - a potion of agility
 d - 4 potions of curing
 f - a potion of resistance
 i - a potion of mutation {unknown}
 p - a potion of invisibility
 t - a potion of berserk rage
 x - 2 potions of might
Comestibles
 c - 10 rations
 k - 5 chunks of flesh


   Skills:
 - Level 7.2 Dodging
 - Level 7.1 Stealth
 + Level 9.5 Spellcasting
 - Level 8.1 Conjurations
 - Level 8.9 Summonings
 - Level 7.0 Ice Magic


You had 9 spell levels left.
You knew the following spells:

 Your Spells              Type           Power        Failure   Level  Hunger
a - Freeze                Ice            ####         1%          1    None
b - Throw Frost           Conj/Ice       #####.       1%          2    None
c - Ozocubu's Armour      Chrm/Ice       ###.....     6%          3    None
d - Throw Icicle          Conj/Ice       #####...     1%          4    ###....
e - Summon Ice Beast      Ice/Summ       #####...     3%          4    ###....
f - Freezing Cloud        Conj/Ice/Air   ####......   36%         6    ######.

Your spell library contained the following spells:

 Spells                   Type           Power        Failure   Level  Hunger
 Bolt of Draining         Conj/Necr      ###.......   12%         5    #####..
 Blink                    Tloc           N/A          13%         2    None
 Corpse Rot               Necr           N/A          13%         2    None
 Shroud of Golubria       Chrm/Tloc      #.....       13%         2    None
 Sublimation of Blood     Necr           #.........   13%         2    None
 Gell's Gravitas          Tloc           #.........   26%         3    None
 Lesser Beckoning         Tloc           #.........   26%         3    None
 Teleport Other           Tloc           #.......     26%         3    None
 Passage of Golubria      Tloc           N/A          63%         4    ###....
 Agony                    Necr           #.......     93%         5    #####..
 Dispel Undead            Necr           #.......     93%         5    #####..
 Excruciating Wounds      Chrm/Necr      #.........   93%         5    #####..


Dungeon Overview and Level Annotations

Branches:
Dungeon (14/15)            Temple (1/1) D:4            Lair (0/6) D:10
    Orc (0/2) D:9
 Vaults: D:13-14

Altars:
Ashenzari
Cheibriados
Dithmenos
Elyvilon
Fedhas
Gozag
Hepliaklqana
Kikubaaqudgha
Makhleb
Nemelex Xobeh
Okawaru
Qazlal
Ru
Sif Muna
Trog
Uskayaw
Vehumet
Wu Jian
Xom
Yredelemnul
Zin
The Shining One

Shops:
D:5 !

Annotations:
D:9 Gastronok
D:10 2 transporters, Nergalle, Urug


Innate Abilities, Weirdness & Mutations

You have a beak for a mouth.
You have claws for feet.
You can fly continuously.


Message History

r - Retreat! s - Stop attacking. g - Guard the area. f - Follow me.
Anything else - Cancel.
Gang up on whom?
Press: ? - help, Dir - move target cursor, f - cyclops
Aim: a cyclops Attack!
The cyclops throws a large rock.
The large rock completely misses you.
You reach down and open the door.
A red ugly thing comes into view.
The red ugly thing gurgles horribly!
The red ugly thing misses you.
As you read the scroll of fear, it crumbles to dust.
You assume a fearsome visage.
The red ugly thing easily resists.
The red ugly thing misses you.
Okay, then.
You fade into invisibility!
The red ugly thing punches you!
* * * LOW HITPOINT WARNING * * *
You are engulfed in flames!
You die...

#######÷## ###.. #.#
#...> #.# #.### ###.#
######### +.
#####...#######.......#
#
...........C..C.......#
####.##########Y†.(...+
###.# #.......# #...#
#.@.....# #(###
##u###### #..# #.# #.##
#.# #' #.. .. ##. .. .
.. .. ..


You could see a red ugly thing, a cyclops and a friendly ice beast.

Vanquished Creatures
  3 two-headed ogres
  Joseph (D:9)
  A komodo dragon (D:11)
  A hornet (D:11)
  2 hippogriffs (D:12)
  A wyvern (D:12)
  5 yaks
  2 soldier ants
  Edmund (D:6)
  2 ice beasts
  4 orc warriors
  3 phantoms
  2 sky beasts
  A black bear (D:8)
  4 ogres
  5 centaurs
  2 big kobolds
  A bullfrog (D:11)
  2 wyvern zombies (D:6)
  A gnoll sergeant (D:8)
  A wyvern skeleton (D:6)
  4 scorpions
  13 killer bees
  5 wights (D:7)
  4 howler monkeys
  2 crimson imps
  2 bullfrog zombies (D:6)
  A jelly (D:6)
  3 centaur zombies
  2 bullfrog skeletons
  5 orc wizards
  4 orc priests
  A centaur skeleton (D:6)
  7 hounds
  3 gnoll shamans (Bailey)
  5 iguanas
  6 worker ants
  Natasha (D:2)
  2 hound zombies (D:6)
  2 hound skeletons
  5 worker ant zombies
  A howler monkey zombie (D:6)
  11 adders
  13 gnolls
  A howler monkey skeleton (D:6)
  4 shadow imps
  2 oozes
  2 adder zombies (D:6)
  3 adder skeletons
  4 worms
  8 leopard geckos
  30 orcs
  7 giant cockroaches
  8 goblins
  7 hobgoblins
  2 jackals (D:3)
  13 kobolds
  9 quokkas
  2 bats
  7 frilled lizards
  A giant cockroach zombie (D:6)
  2 leopard gecko skeletons (D:6)
  A leopard gecko zombie (D:6)
  4 quokka zombies
  5 rats
269 creatures vanquished.

Vanquished Creatures (collateral kills)
  A hornet (D:10)
  A yak (D:12)
  4 centaurs (D:11)
  7 gnoll sergeants (Bailey)
  2 killer bees (D:12)
  A howler monkey (D:10)
  3 gnoll shamans (Bailey)
  An orc wizard (D:11)
  4 gnolls (Bailey)
  An orc (D:11)
  A goblin (D:11)
  2 kobolds (D:11)
28 creatures vanquished.

Vanquished Creatures (others)
  6 plants (D:10)
  A withered plant (D:6)
7 creatures vanquished.

Grand Total: 304 creatures vanquished

Notes
Turn   | Place    | Note
-------+----------+-------------------------------------------
     0 | D:1      | Espgualade the Tengu Ice Elementalist began the quest for
                  | the Orb.
     0 | D:1      | Reached XP level 1. HP: 10/10 MP: 4/4
    87 | D:1      | Reached XP level 2. HP: 14/15 MP: 3/6
   709 | D:2      | Reached XP level 3. HP: 15/19 MP: 0/7
  1155 | D:2      | Noticed Natasha
  1186 | D:2      | Reached XP level 4. HP: 24/24 MP: 5/8
  1643 | D:2      | Found a snail-covered altar of Cheibriados.
  1644 | D:2      | Found a shattered altar of Ashenzari.
  1663 | D:2      | Found a stormy altar of Qazlal.
  2013 | D:2      | Killed Natasha
  2013 | D:2      | Reached skill level 5 in Ice Magic
  2064 | D:2      | Found a basalt altar of Yredelemnul.
  2064 | D:2      | Noticed a sky beast
  2069 | D:2      | Gained mutation: You can fly continuously. [Tengu growth]
  2069 | D:2      | Reached XP level 5. HP: 23/28 MP: 9/9
  2129 | D:2      | Killed a sky beast
  2473 | D:2      | Learned a level 2 spell: Throw Frost
  2477 | D:2      | Learned a level 3 spell: Ozocubu's Armour
  2509 | D:3      | Found a white marble altar of Elyvilon.
  2509 | D:3      | Found a radiant altar of Vehumet.
  2510 | D:3      | Found a sacrificial altar of Ru.
  2593 | D:3      | Found a sparkling altar of Nemelex Xobeh.
  2596 | D:3      | Became a worshipper of Vehumet
  2804 | D:3      | Reached XP level 6. HP: 26/32 MP: 10/10
  2821 | D:3      | Found a sparkling altar of Nemelex Xobeh.
  3284 | D:3      | Reached skill level 5 in Dodging
  3762 | D:4      | Found a bloodstained altar of Trog.
  3813 | D:4      | Reached * piety under Vehumet
  3813 | D:4      | Offered knowledge of Shock by Vehumet.
  3939 | D:4      | Found a staircase to the Ecumenical Temple.
  3953 | D:4      | Reached XP level 7. HP: 33/36 MP: 4/11
  4181 | Temple   | Entered the Ecumenical Temple
  4315 | D:4      | Learned a level 4 spell: Throw Icicle
  4316 | D:5      | Entered Level 5 of the Dungeon
  4850 | D:5      | Reached skill level 3 in Spellcasting
  5152 | D:5      | Reached skill level 4 in Spellcasting
  5152 | D:5      | Reached XP level 8. HP: 11/41 MP: 12/15
  5403 | D:5      | Found Zocreaj's Distillery.
  6608 | D:6      | Noticed Edmund
  6627 | D:6      | Killed Edmund
  6627 | D:6      | Reached skill level 5 in Spellcasting
  6735 | D:6      | Found a glowing golden altar of the Shining One.
  6752 | D:6      | Reached skill level 6 in Spellcasting
  6954 | D:6      | Reached ** piety under Vehumet
  7052 | D:6      | Offered knowledge of Throw Flame by Vehumet.
  7052 | D:6      | Reached skill level 5 in Conjurations
  7169 | D:6      | Reached XP level 9. HP: 42/45 MP: 19/19
  7571 | D:7      | Noticed a hornet
  7635 | D:7      | Offered knowledge of Mephitic Cloud by Vehumet.
  7909 | D:7      | Got a dazzling trident
  7910 | D:7      | Identified the cursed +1 trident "Pubrox" {freeze, +Blink
                  | Int+4 Stlth+} (You found it on level 7 of the Dungeon)
  7913 | D:7      | Identified a scroll of acquirement
  8375 | D:8      | Reached skill level 5 in Stealth
  8459 | D:8      | Found an ancient bone altar of Kikubaaqudgha.
  8665 | D:8      | Reached *** piety under Vehumet
  8858 | D:8      | Noticed a two-headed ogre
  8891 | D:8      | Killed a two-headed ogre
  8891 | D:8      | Reached XP level 10. HP: 50/50 MP: 5/20
  9116 | D:8      | Learned a level 4 spell: Summon Ice Beast
  9696 | D:9      | Found an iron altar of Okawaru.
  9760 | D:9      | Found a staircase to the Orcish Mines.
  9891 | D:9      | Offered knowledge of Iskenderun's Mystic Blast by Vehumet.
 10064 | D:9      | Noticed Joseph
 10175 | D:9      | Noticed Gastronok
 10202 | D:9      | Found a hazy altar of Hepliaklqana.
 10251 | D:9      | Reached skill level 1 in Summonings
 10586 | D:9      | Killed Joseph
 11123 | D:10     | Entered Level 10 of the Dungeon
 11342 | D:10     | Found a transporter.
 11371 | D:10     | Reached skill level 5 in Summonings
 11414 | D:10     | Noticed a manticore
 11415 | D:10     | Noticed a two-headed ogre
 11437 | D:10     | Found a transporter.
 11447 | D:10     | Paralysed by a hornet for 1 turns
 11560 | D:10     | Noticed Nergalle
 11801 | D:10     | Noticed Urug
 11802 | D:10     | Found a staircase to the Lair.
 12052 | D:11     | Reached **** piety under Vehumet
 12313 | D:11     | You are sucked into a shaft and drop 3 floors!
 12313 | D:14     | Noticed a centaur warrior
 12318 | D:14     | Noticed a two-headed ogre
 12377 | D:12     | Noticed a two-headed ogre
 12411 | D:11     | Found a flagged portal.
 12418 | Bailey   | Entered a bailey
 12852 | Bailey   | Offered knowledge of Airstrike by Vehumet.
 13634 | D:11     | Reached XP level 11. HP: 47/54 MP: 21/21
 13842 | D:11     | Reached skill level 7 in Spellcasting
 13887 | D:11     | Reached ***** piety under Vehumet
 13889 | D:11     | Offered knowledge of Freezing Cloud by Vehumet.
 14235 | D:11     | Noticed a two-headed ogre
 14263 | D:11     | Killed a two-headed ogre
 14263 | D:11     | Reached skill level 8 in Spellcasting
 14621 | D:11     | Learned a level 6 spell: Freezing Cloud
 14690 | D:12     | Killed a two-headed ogre
 14690 | D:12     | Reached skill level 9 in Spellcasting
 15124 | D:12     | Noticed a cyclops
 15157 | D:12     | Noticed a red ugly thing
 15159 | D:12     | Slain by a red ugly thing

Levels and vault maps discovered:
D:1:      mushboom_english_gardens, layout_rooms
D:2:      layout_loops_corners, gammafunk_temple_overflow_forgotten,
          marbit_many_paths, first_ration, minmay_liquid_box, uniq_natasha
D:3:      layout_loops_ring, nicolae_overflow_quartered_altars,
          nemelex_diamond_rough_becter
D:4:      layout_gridville, bloody_trog, temple_pool_b
D:5:      minmay_diamond_boxcup, layout_basic, serial_shops,
          nicolae_shop_window_shopping
D:6:      layout_loops_corners, lemuel_round_altar, serial_undead,
          serial_undead_f, serial_undead_a, serial_undead_f, serial_undead_d,
          serial_undead_d, serial_undead_a, minmay_misc_feat_nine_boxes,
          uniq_edmund
D:7:      layout_loops_cross, minmay_misc_feat_chi
D:8:      layout_basic, nicolae_overflow_crystal_walls
D:9:      layout_basic, kennysheep_mini_moat, david_orc_2, okawaru_gym_becter,
          uniq_joseph, uniq_gastronok
D:10:     gammafunk_the_bubble [the_bubble_gammafunk_crates], layout_loops_ring,
          david_lair_shrubbed, kennysheep_small_circle, uniq_erolcha, uniq_urug,
          uniq_nergalle
D:11:     layout_irregular_city, enter_bailey_7, hangedman_pestilent_swarm
D:12:     layout_roguey
D:13:     layout_stronghold, gammafunk_ghost_split, serial_column_ruins,
          column_ruins_hut_pillars, column_ruins_hut,
          column_ruins_columns_corner, column_ruins_open_medium,
          column_ruins_columns_straight, column_ruins_open_large,
          column_ruins_grid_3, kennysheep_diamond, uniq_jorgrun, uniq_nessos
D:14:     layout_layer_cave, skrybe_vaults_entry_preservation, abandoned_shop,
          ebering_ghost_reflecting_pool
Temple:   cyrus_temple_forest

Skill      XL: |  1  2  3  4  5  6  7  8  9 10 11 |
---------------+----------------------------------+-----
Ice Magic      | 3 4 5 6 7 |  7.0
Dodging        | 4 6 7 |  7.2
Spellcasting   | 4 6 9 |  9.5
Conjurations   | 6 8 |  8.1
Stealth        | 5 7 |  7.1
Summonings     | 8 |  8.9

Action                   |  1- 3 |  4- 6 |  7- 9 | 10-12 || total
-------------------------+-------+-------+-------+-------++-------
Melee: Unarmed           |    37 |    14 |       |       ||    51
       Peck              |     8 |    11 |    59 |    60 ||   138
       Kick              |    10 |    20 |    76 |    73 ||   179
       Dagger            |       |    36 |       |       ||    36
       Falchion          |       |    23 |   143 |       ||   166
       Demon blade       |       |       |    74 |   263 ||   337
       Trident           |       |       |    32 |       ||    32
 Cast: Freeze            |    25 |    72 |    46 |     7 ||   150
       Throw Frost       |       |     7 |    14 |     3 ||    24
       Ozocubu's Armour  |       |       |     9 |     7 ||    16
       Throw Icicle      |       |       |     5 |    30 ||    35
       Summon Ice Beast  |       |       |       |    30 ||    30
 Abil: Fly               |       |       |     1 |       ||     1
  Use: Potion            |       |     1 |     3 |     6 ||    10
       Scroll            |       |     5 |    10 |    13 ||    28
 Stab: Sleeping          |     2 |     5 |     6 |     3 ||    16
       Distracted        |       |       |       |     1 ||     1
  Eat: Chunk             |     1 |     8 |     9 |    15 ||    33
       Ration            |       |     1 |     2 |     4 ||     7
Armor: Robe              |     6 |    10 |    52 |    68 ||   136
       Skin              |       |       |       |    10 ||    10
Dodge: Dodged            |    21 |    85 |   294 |   482 ||   882
       Rpst.: Falchion   |       |     6 |    56 |       ||    62
       Demon blade       |       |       |    22 |   109 ||   131

Table legend:
 A = Non-vault XP
 B = Vault XP
 C = Vault XP percentage of total XP
 D = Non-vault monster count
 E = Vault monster count
 F = Vault count percentage of total count
                 A         B        C        D         E       F
            +---------+---------+-------+---------+---------+-------
      Total |   11968 |    2761 |  18.7 |     225 |      72 |  24.2
            +---------+---------+-------+---------+---------+-------
        D:1 |      17 |       0 |   0.0 |      11 |       0 |   0.0
        D:2 |     241 |      37 |  13.3 |      23 |       2 |   8.0
        D:3 |     140 |       0 |   0.0 |      26 |       0 |   0.0
        D:4 |     189 |       0 |   0.0 |      15 |       0 |   0.0
        D:5 |     300 |     308 |  50.7 |       7 |       5 |  41.7
        D:6 |     740 |     573 |  43.6 |      19 |      20 |  51.3
        D:7 |     665 |       0 |   0.0 |      12 |       0 |   0.0
        D:8 |    1688 |       0 |   0.0 |      16 |       0 |   0.0
        D:9 |     931 |     608 |  39.5 |      20 |       8 |  28.6
       D:10 |    1228 |       0 |   0.0 |      12 |       0 |   0.0
       D:11 |    3580 |     528 |  12.9 |      49 |       8 |  14.0
       D:12 |    2249 |       0 |   0.0 |      15 |       0 |   0.0
     Bailey |       0 |     707 | 100.0 |       0 |      29 | 100.0
            +---------+---------+-------+---------+---------+-------
